Map: Blackpink LE

Players

Harstem

  • Race: Protoss Protoss
  • League: Master
  • Spawn Location: 1:00

MMA - Winner!

  • Race: Terran Terran
  • League: Diamond
  • Spawn Location: 7:00

Event: HomeStory Cup XVI

VOD

Have the link to the VOD?

Description

Time

  • Played on: Nov. 9, 2017, 7:07 a.m.
  • Length: 10:19

All games in this series

Show
View Real Time Build Order
Export as new Build Order

Harstem Protoss 

Build Orders: Colossus Rush 

Get SALT Encoding   

  12  0:08  Pylon  
  13  0:14  Probe (Chrono Boost)  
  13  0:27  Gateway  
  13  0:28  Probe (Chrono Boost)  
  13  0:34  Probe (Chrono Boost)  
  14  0:41  Assimilator  
  15  0:46  Probe (Chrono Boost)  
  17  0:58  Probe (Chrono Boost)  
  17  1:10  Probe (Chrono Boost)  
  18  1:14  Cybernetics Core  
  18  1:18  Pylon  
  18  1:23  Probe (Chrono Boost)  
  19  1:35  Probe (Chrono Boost)  
  20  1:40  Adept  
  21  1:47  Probe (Chrono Boost)  
  23  1:57  Stalker  
  23  2:01  Nexus  
  25  2:12  Probe (Chrono Boost)  
  26  2:17  Assimilator  
  26  2:20  Warp Gate  
  26  2:24  Probe (Chrono Boost)  
  26  2:32  Pylon  
  26  2:36  Probe (Chrono Boost)  
  27  2:55  Probe (Chrono Boost)  
  28  2:58  Robotics Facility  
  28  3:04  Adept, Pylon  
  31  3:07  Probe (Chrono Boost)  
  31  3:14  Probe (Chrono Boost)  
  31  3:15  Probe (Chrono Boost)  
  31  3:20  Probe (Chrono Boost)  
  31  3:21  Probe (Chrono Boost)  
  33  3:30  Probe (Chrono Boost)  
  33  3:33  Probe (Chrono Boost)  
  34  3:40  Shield Battery  
  35  3:42  Probe (Chrono Boost)  
  35  3:44  Warp Prism  
  35  3:45  Probe (Chrono Boost), Robotics Bay  
  37  3:54  Probe (Chrono Boost)  
  39  3:57  Probe (Chrono Boost)  
  39  4:01  Gateway  
  40  4:06  Probe (Chrono Boost)  
  42  4:10  Probe (Chrono Boost)  
  42  4:11  Assimilator  
  42  4:15  Observer  
  43  4:18  Probe (Chrono Boost)  
  43  4:20  Assimilator, Shield Battery  
  43  4:22  Probe (Chrono Boost)  
  45  4:26  Disruptor  
  45  4:31  Gateway, Probe (Chrono Boost)  
  46  4:34  Gravitic Drive, Probe (Chrono Boost)  
  50  4:42  Pylon  
  50  4:44  Probe (Chrono Boost)  
  52  4:46  Probe (Chrono Boost)  
  52  4:49  Adept  
  55  5:01  Probe x2 (Chrono Boost), Pylon  
  55  5:02  Disruptor  
  59  5:13  Twilight Council  
  59  5:19  Probe (Chrono Boost)  
  60  5:31  Colossus  
  60  5:33  Probe (Chrono Boost)  
  60  5:34  Nexus, Probe (Chrono Boost)  
  62  5:41  Blink  
  67  5:50  Stalker  
  67  5:53  Pylon  
  68  5:59  Observer, Pylon  
  68  6:10  Probe (Chrono Boost)  
  68  6:11  Probe (Chrono Boost)  
  70  6:12  Extended Thermal Lance  
  70  6:14  Sentry  
  70  6:15  Stalker  
  70  6:17  Pylon  
  74  6:21  Pylon  
  74  6:24  Colossus  
  79  6:43  Probe x2 (Chrono Boost)  
  82  6:47  Shield Battery  
  82  6:48  Probe (Chrono Boost)  
  82  6:51  Stalker x2  
  86  6:54  Pylon  
  86  7:04  Probe (Chrono Boost)  
  89  7:09  Forge, Probe x2 (Chrono Boost)  
  89  7:10  Forge  
  89  7:13  Stalker  
  92  7:16  Shield Battery, Probe (Chrono Boost)  
  92  7:21  Probe x2 (Chrono Boost)  
  100  7:27  Stalker  
  100  7:28  Probe (Chrono Boost)  
  103  7:30  Protoss Ground Armor Level 1, Protoss Ground Weapons Level 1  
  103  7:32  Shield Battery  
  103  7:33  Probe x2 (Chrono Boost)  
  105  7:38  Pylon  
  105  7:40  Stalker, Probe (Chrono Boost)  
  105  7:41  Stalker  
  111  7:45  Probe (Chrono Boost)  
  104  7:52  Probe (Chrono Boost), Robotics Facility  
  104  7:56  Probe (Chrono Boost)  
  97  8:02  Charge, Probe (Chrono Boost)  
  95  8:08  Stalker x2  
  99  8:17  Probe (Chrono Boost)  
  99  8:19  Probe (Chrono Boost)  
  98  8:21  Stalker, Probe (Chrono Boost)  
  93  8:31  Observer  
  94  8:35  Pylon  
  94  8:40  Observer  
  93  8:42  Gateway  
  93  8:43  Pylon  
  93  8:44  Gateway x2  
  93  8:47  Stalker x3  
  100  8:56  Probe (Chrono Boost), Pylon  
  100  8:57  Probe (Chrono Boost)  
  100  8:58  Probe (Chrono Boost)  
  100  9:02  Shield Battery  
  102  9:08  Probe (Chrono Boost)  
  103  9:12  Stalker x3  
  103  9:15  Probe (Chrono Boost)  
  102  9:17  Templar Archives, Pylon  
  102  9:19  Assimilator  
  102  9:22  Assimilator, Colossus  
  102  9:23  Shield Battery  
  102  9:30  Pylon  
  102  9:31  Shield Battery  
  102  9:36  Probe (Chrono Boost)  
  102  9:37  Sentry x3  
  115  9:50  Probe (Chrono Boost)  
  116  9:57  Shield Battery  
  114  10:00  Shield Battery  
  114  10:01  Stalker x3  
Show
View Real Time Build Order
Export as new Build Order

MMA Terran - Winner!

Build Orders: Reaper Expand, MMM Bio 

Get SALT Encoding   

  12  0:00  SCV  
  13  0:12  SCV  
  14  0:17  Supply Depot  
  14  0:27  SCV  
  15  0:39  SCV  
  15  0:40  Barracks  
  16  0:44  Refinery  
  16  0:51  SCV  
  17  1:03  SCV  
  18  1:15  SCV  
  19  1:27  Reaper, Orbital Command  
  20  1:42  Command Center  
  20  1:53  SCV  
  21  1:59  Barracks  
  21  2:00  Barracks Reactor  
  21  2:10  Supply Depot  
  21  2:11  SCV  
  22  2:19  Bunker  
  22  2:26  SCV  
  23  2:36  Marine x2  
  25  2:38  SCV  
  25  2:50  SCV  
  26  2:54  Orbital Command  
  26  2:56  Barracks Tech Lab  
  26  2:57  Marine x2  
  27  3:03  SCV  
  28  3:14  Marine  
  28  3:15  SCV, Marine  
  28  3:20  SCV  
  30  3:27  Stimpack, SCV  
  30  3:28  Marine  
  30  3:32  SCV  
  32  3:35  Factory, Marine  
  32  3:37  Marine  
  32  3:39  SCV  
  35  3:44  SCV  
  35  3:47  Refinery  
  36  3:51  SCV  
  36  3:53  Marine x2  
  36  3:55  Supply Depot  
  39  3:56  SCV  
  40  4:03  SCV  
  40  4:08  SCV  
  42  4:10  Marine  
  42  4:11  Marine x2  
  42  4:15  SCV  
  46  4:21  Supply Depot, SCV  
  46  4:22  Factory Reactor  
  46  4:23  Starport  
  47  4:27  SCV  
  47  4:28  Marine x2  
  47  4:29  Marine  
  51  4:34  Barracks, SCV  
  52  4:38  Refinery  
  52  4:39  SCV  
  53  4:45  Supply Depot  
  53  4:46  SCV  
  53  4:47  Supply Depot  
  53  4:51  SCV  
  55  4:53  Marauder, Marine x2  
  55  4:59  SCV  
  59  5:03  SCV  
  60  5:07  Medivac x2  
  60  5:11  SCV  
  60  5:13  Refinery  
  65  5:16  Marauder, SCV  
  67  5:22  Marine x2, Barracks Tech Lab  
  67  5:23  SCV  
  67  5:28  SCV  
  71  5:30  Supply Depot  
  71  5:35  SCV  
  72  5:40  SCV  
  72  5:41  Marine  
  72  5:42  Marauder x2  
  78  5:45  Marine  
  78  5:51  Medivac, Viking, SCV  
  78  5:52  SCV  
  84  5:59  Supply Depot  
  83  6:05  Marauder  
  87  6:18  Marauder, Marine x2  
  87  6:24  Supply Depot  
  89  6:25  Medivac  
  89  6:27  Marauder  
  89  6:29  Medivac  
  95  6:34  SCV  
  95  6:39  Marine x2  
  97  6:40  Marauder  
  97  6:45  Barracks  
  97  6:48  Marauder, Barracks  
  97  6:49  SCV  
  100  6:56  Combat Shields, Concussive Shells  
  100  7:01  Marauder, SCV  
  100  7:08  SCV  
  97  7:09  Marauder  
  97  7:13  SCV  
  96  7:18  Command Center  
  98  7:25  Supply Depot  
  98  7:31  Medivac, Marauder  
  98  7:32  Medivac  
  98  7:34  Marauder  
  98  7:35  Marine x2  
  98  7:36  Barracks Tech Lab  
  106  7:37  Barracks Reactor  
  103  7:52  Marauder  
  103  7:53  Marine x2  
  103  7:56  Marauder  
  108  7:59  Armory  
  108  8:01  Viking x2  
  111  8:10  Marauder  
  112  8:14  Marauder  
  112  8:17  Marauder  
  112  8:18  Marine x2  
  112  8:19  Marine x2  
  114  8:26  Engineering Bay  
  109  8:27  Engineering Bay  
  109  8:31  Marauder  
  109  8:34  Viking, Marine  
  110  8:35  Viking  
  110  8:38  Marauder  
  115  8:43  SCV x2  
  117  8:55  Orbital Command  
  117  8:57  SCV x2  
  119  9:06  Marauder x2  
  119  9:08  Marine x2  
  119  9:09  SCV x2, Marine  
  128  9:17  Supply Depot, Viking  
  128  9:20  Supply Depot  
  128  9:21  Viking, SCV  
  133  9:27  Supply Depot  
  133  9:28  Supply Depot  
  133  9:38  Marine x4  
  133  9:39  Marauder x2  
  133  9:41  Supply Depot x2, SCV  
  133  9:42  Marauder, SCV  
  145  9:47  Supply Depot  
  145  9:59  SCV x2  
Tags
 
Add a new tag
Caveats
  • Supply blocks, unpowered buildings, or Contaminate may cause inaccurate times.
  • Supply counts are checked every 10 seconds.